MLB
LAS VEGAS HUSTLE @ SEATTLE MARINERS
05/18/2099
 
TOP OF THE 1ST
Las Vegas Hustle batting - Pitching for Seattle Mariners : LHP John McWilliams
Pitching: LHP John McWilliams
Batting: LHB Steve Lawler 0-0: Bunted foul
0-1: DOUBLE (Line Drive, 9LM, EV 100.6 MPH)
Batting: RHB Rick Roberds 0-0: Called Strike
0-1: Ball
1-1: Foul Ball, location: 9LSF
1-2: 2-RUN HOME RUN (Line Drive, 7D, EV 96.9 MPH), Distance : 391 ft
Batting: RHB John Conway 0-0: Fly out, F9 (Line Drive, 89M, EV 106.3 MPH)
Batting: RHB John Lopez 0-0: Ball
1-0: Ball
2-0: Ball
3-0: Called Strike
3-1: Foul Ball, location: 2F
3-2: Base on Balls
Batting: LHB Jon Guzman 0-0: Ball
1-0: Called Strike
1-1: Foul Ball, location: 25F
1-2: Ball
2-2: Foul Ball, location: 3F
2-2: Foul Ball, location: 2F
2-2: Fly out, F9 (Flyball, 89M, EV 96.9 MPH)
Batting: RHB Clint Hurley 0-0: Ball
1-0: Fielders Choice at 2nd, 5-4 (Groundball, 56, EV 88.1 MPH)
Top of the 1st over - 2 runs, 2 hits, 0 errors, 1 left on base; Las Vegas 2 - Seattle 0
BOTTOM OF THE 1ST
Seattle Mariners batting - Pitching for Las Vegas Hustle : RHP Vic Correa
Pitching: RHP Vic Correa
Batting: LHB Juan Aranda 0-0: Foul Ball, location: 2F
0-1: Foul Ball, location: 23FF
0-2: Ball
1-2: Foul Ball, location: 2F
1-2: Foul Ball, location: 2F
1-2: Ball
2-2: SINGLE (Line Drive, 7S, EV 91.9 MPH)
Batting: RHB Bill Larimer 0-0: Called Strike
Juan Aranda steals 2nd base (no throw)
0-1: Swinging Strike
0-2: Ball
1-2: Strikes out swinging
Batting: SHB John Brownfield 0-0: Ball
1-0: Swinging Strike
1-1: Foul Ball, location: 7LMF
1-2: Strikes out looking
Batting: LHB Keith Bundy 0-0: Ball
1-0: Called Strike
1-1: Called Strike
1-2: Foul Ball, location: 2F
1-2: Ball
2-2: Ground out U3 (Groundball, 34S, EV 88.8 MPH)
Bottom of the 1st over - 0 runs, 1 hit, 0 errors, 1 left on base; Las Vegas 2 - Seattle 0
TOP OF THE 2ND
Las Vegas Hustle batting - Pitching for Seattle Mariners : LHP John McWilliams
Batting: SHB Jose Espinoza 0-0: Ball
1-0: Called Strike
1-1: Ball
2-1: Called Strike
2-2: Fly out, F9 (Flyball, 89S, EV 74.4 MPH)
Batting: RHB Karl Robbins 0-0: Fly out, F4 (Popup, 23, EV 82.5 MPH)
Batting: RHB Tyler Ebert 0-0: Foul Ball, location: 5DF
0-1: Called Strike
0-2: Strikes out swinging
Top of the 2nd over - 0 runs, 0 hits, 0 errors, 0 left on base; Las Vegas 2 - Seattle 0
BOTTOM OF THE 2ND
Seattle Mariners batting - Pitching for Las Vegas Hustle : RHP Vic Correa
Batting: RHB Jonathan Becktell 0-0: Fly out, F8 (Flyball, 8RS, EV 88.1 MPH)
Batting: LHB Tim Larsen 0-0: Ball
1-0: Ball
2-0: Foul Ball, location: 2F
2-1: Ball
3-1: Called Strike
3-2: Fly out, F9 (Flyball, 9, EV 80.0 MPH)
Batting: RHB Kenny Dahl 0-0: SOLO HOME RUN (Flyball, 9D, EV 102.5 MPH), Distance : 390 ft
Batting: LHB Jon Garza 0-0: Foul Ball, location: 2RF
0-1: Swinging Strike
0-2: Ball
1-2: Strikes out looking
Bottom of the 2nd over - 1 run, 1 hit, 0 errors, 0 left on base; Las Vegas 2 - Seattle 1
TOP OF THE 3RD
Las Vegas Hustle batting - Pitching for Seattle Mariners : LHP John McWilliams
Batting: LHB Steve Lawler 0-0: Bunt missed!
0-1: Ball
1-1: Foul Ball, location: 2F
1-2: Ground out 4-3 (Groundball, 4, EV 106.9 MPH)
Batting: RHB Rick Roberds 0-0: Ball
1-0: SOLO HOME RUN (Line Drive, 7D, EV 95.6 MPH), Distance : 383 ft
Batting: RHB John Conway 0-0: Fly out, F8 (Flyball, 8LD, EV 86.9 MPH)
Batting: RHB John Lopez 0-0: Fly out, F9 (Flyball, 9LS, EV 84.4 MPH)
Top of the 3rd over - 1 run, 1 hit, 0 errors, 0 left on base; Las Vegas 3 - Seattle 1
BOTTOM OF THE 3RD
Seattle Mariners batting - Pitching for Las Vegas Hustle : RHP Vic Correa
Batting: RHB Anton Ortega 0-0: Ball
1-0: SOLO HOME RUN (Flyball, 7D, EV 96.9 MPH), Distance : 371 ft
Batting: LHB Juan Aranda 0-0: SOLO HOME RUN (Flyball, 7D, EV 103.1 MPH), Distance : 380 ft
Batting: RHB Bill Larimer 0-0: Fly out, F9 (Flyball, 9S, EV 85.0 MPH)
Batting: SHB John Brownfield 0-0: Ball
1-0: Ball
2-0: Ball
3-0: Base on Balls
Batting: LHB Keith Bundy 0-0: Ball
1-0: Fly out, F8 (Flyball, 8LM, EV 82.5 MPH)
Batting: RHB Jonathan Becktell 0-0: Ball
1-0: Fly out, F7 (Line Drive, 78M, EV 99.4 MPH)
Bottom of the 3rd over - 2 runs, 2 hits, 0 errors, 1 left on base; Las Vegas 3 - Seattle 3
TOP OF THE 4TH
Las Vegas Hustle batting - Pitching for Seattle Mariners : LHP John McWilliams
Batting: LHB Jon Guzman 0-0: Foul Ball, location: 2F
0-1: Ball
1-1: Foul Ball, location: 2F
1-2: SINGLE (Groundball, 3S, EV 71.9 MPH) (infield hit)
Batting: RHB Clint Hurley 0-0: Called Strike
0-1: Ball
1-1: Foul Ball, location: 23FF
1-2: Foul Ball, location: 2F
1-2: Grounds into double play, 5-4-3 (Groundball, 56, EV 81.3 MPH)
Batting: SHB Jose Espinoza 0-0: Called Strike
0-1: Swinging Strike
0-2: Ball
1-2: Foul Ball, location: 2F
1-2: SINGLE (Groundball, P, EV 88.1 MPH) (infield hit)
Pitching: RHP Gustavo Becerra
Batting: RHB Karl Robbins 0-0: Fly out, F8 (Flyball, 8RXD, EV 107.5 MPH)
Top of the 4th over - 0 runs, 2 hits, 0 errors, 1 left on base; Las Vegas 3 - Seattle 3
BOTTOM OF THE 4TH
Seattle Mariners batting - Pitching for Las Vegas Hustle : RHP Vic Correa
Batting: LHB Tim Larsen 0-0: Called Strike
0-1: Called Strike
0-2: Foul Ball, location: 2F
0-2: Ball
1-2: Foul Ball, location: 2F
1-2: Fly out, F9 (Flyball, 89D, EV 105.6 MPH)
Batting: RHB Kenny Dahl 0-0: Ball
1-0: SINGLE (Line Drive, 5D, EV 96.3 MPH)
Batting: LHB Jon Garza 0-0: Called Strike
0-1: Foul Ball, location: 7LDF
0-2: Strikes out looking
Batting: RHB Anton Ortega 0-0: Called Strike
0-1: Ball
1-1: Ball
2-1: Swinging Strike
2-2: Strikes out swinging
Bottom of the 4th over - 0 runs, 1 hit, 0 errors, 1 left on base; Las Vegas 3 - Seattle 3
TOP OF THE 5TH
Las Vegas Hustle batting - Pitching for Seattle Mariners : RHP Gustavo Becerra
Batting: RHB Tyler Ebert 0-0: Swinging Strike
0-1: Ball
1-1: Swinging Strike
1-2: Ball
2-2: Strikes out swinging
Batting: LHB Steve Lawler 0-0: Ball
1-0: DOUBLE (Flyball, 7LD, EV 93.1 MPH)
Batting: RHB Rick Roberds 0-0: Ball
1-0: Ball
2-0: Called Strike
2-1: Ball
3-1: Swinging Strike
3-2: Strikes out swinging
Batting: RHB John Conway 0-0: Ball
1-0: Foul Ball, location: 7LSF
1-1: Swinging Strike
1-2: Strikes out looking
Top of the 5th over - 0 runs, 1 hit, 0 errors, 1 left on base; Las Vegas 3 - Seattle 3
BOTTOM OF THE 5TH
Seattle Mariners batting - Pitching for Las Vegas Hustle : RHP Vic Correa
Batting: LHB Juan Aranda 0-0: Called Strike
0-1: Called Strike
0-2: Ball
1-2: Strikes out swinging
Batting: RHB Bill Larimer 0-0: DOUBLE (Line Drive, 9LM, EV 102.5 MPH)
Batting: SHB John Brownfield 0-0: Called Strike
0-1: Called Strike
0-2: Foul Ball, location: 2F
0-2: Fly out, F7 (Flyball, 7D, EV 98.1 MPH)
Batting: LHB Keith Bundy 0-0: Ball
1-0: Ball
2-0: Foul Ball, location: 2F
2-1: Fly out, F6 (Popup, 56, EV 56.3 MPH)
Bottom of the 5th over - 0 runs, 1 hit, 0 errors, 1 left on base; Las Vegas 3 - Seattle 3
TOP OF THE 6TH
Las Vegas Hustle batting - Pitching for Seattle Mariners : RHP Gustavo Becerra
Batting: RHB John Lopez 0-0: Ball
1-0: Foul Ball, location: 2F
1-1: Ground out 5-3 (Groundball, 56, EV 90.6 MPH)
Batting: LHB Jon Guzman 0-0: Swinging Strike
0-1: Ball
1-1: Swinging Strike
1-2: Strikes out swinging
Batting: RHB Clint Hurley 0-0: Ground out 5-3 (Groundball, 56S, EV 75.6 MPH)
Top of the 6th over - 0 runs, 0 hits, 0 errors, 0 left on base; Las Vegas 3 - Seattle 3
BOTTOM OF THE 6TH
Seattle Mariners batting - Pitching for Las Vegas Hustle : RHP Vic Correa
Pitching: RHP Scott Dwyer
Batting: RHB Jonathan Becktell 0-0: Foul Ball, location: 3DF
0-1: Ball
1-1: Swinging Strike
1-2: Ball
2-2: Ball
3-2: Base on Balls
Batting: LHB Tim Larsen 0-0: Ball
1-0: Ground out U3 (Groundball, 3L, EV 98.1 MPH)
Jonathan Becktell to second
Batting: RHB Kenny Dahl 0-0: Reached via error on a dropped throw from 2B, E3 (Groundball, 4, EV 109.4 MPH)
Jonathan Becktell to third
Batting: LHB Jon Garza 0-0: Ball
1-0: Fly out, F7 (Flyball, 7, EV 80.0 MPH)
Runner from 3rd tags up, SCORES, throw by LF
Batting: RHB Anton Ortega 0-0: Ball
Kenny Dahl steals 2nd base
1-0: Ball
2-0: Foul Ball, location: 5SF
2-1: Swinging Strike
2-2: Strikes out looking
Bottom of the 6th over - 1 run, 0 hits, 1 error, 1 left on base; Las Vegas 3 - Seattle 4
TOP OF THE 7TH
Las Vegas Hustle batting - Pitching for Seattle Mariners : RHP Gustavo Becerra
Pitching: RHP Tom Kingman
Batting: SHB Jose Espinoza 0-0: Ball
1-0: Swinging Strike
1-1: Ball
2-1: Foul Ball, location: 5F
2-2: Ball
3-2: Ground out U3 (Groundball, 13, EV 82.5 MPH)
Batting: RHB Karl Robbins 0-0: Ball
1-0: Ground out 6-3 (Groundball, 56, EV 102.5 MPH)
Pinch Hitting: LHB Jason Strong 0-0: Ball
1-0: Swinging Strike
1-1: Foul Ball, location: 9LMF
1-2: Ball
2-2: Foul Ball, location: 7LDF
2-2: Strikes out swinging
Top of the 7th over - 0 runs, 0 hits, 0 errors, 0 left on base; Las Vegas 3 - Seattle 4
BOTTOM OF THE 7TH
Seattle Mariners batting - Pitching for Las Vegas Hustle : RHP Scott Dwyer
Pitching: RHP Jose Jimenez
Now at SS: Jason Strong
Batting: LHB Juan Aranda 0-0: Ball
1-0: Swinging Strike
1-1: Ball
2-1: Foul Ball, location: 2F
2-2: Ball
3-2: Strikes out swinging
Batting: RHB Bill Larimer 0-0: Called Strike
0-1: SINGLE (Line Drive, 8RS, EV 98.8 MPH)
Batting: SHB John Brownfield 0-0: Ball
1-0: Fielders Choice at 2nd, 4-6 (Groundball, 4, EV 110.6 MPH)
Batting: LHB Keith Bundy 0-0: Ball
1-0: Ball
2-0: Ball
3-0: Called Strike
3-1: Fly out, F8 (Flyball, 8LD, EV 92.5 MPH)
Bottom of the 7th over - 0 runs, 1 hit, 0 errors, 1 left on base; Las Vegas 3 - Seattle 4
TOP OF THE 8TH
Las Vegas Hustle batting - Pitching for Seattle Mariners : RHP Tom Kingman
Batting: LHB Steve Lawler 0-0: SOLO HOME RUN (Flyball, 7LD, EV 93.8 MPH), Distance : 343 ft
Batting: RHB Rick Roberds 0-0: SOLO HOME RUN (Flyball, 7LD, EV 90.0 MPH), Distance : 339 ft
Batting: RHB John Conway 0-0: Swinging Strike
0-1: Ball
1-1: Ground out 6-3 (Groundball, 6, EV 103.8 MPH)
Batting: RHB John Lopez 0-0: Called Strike
0-1: Ball
1-1: Swinging Strike
1-2: Strikes out swinging
Batting: LHB Jon Guzman 0-0: Swinging Strike
0-1: Fly out, F8 (Flyball, 78D, EV 98.1 MPH)
Top of the 8th over - 2 runs, 2 hits, 0 errors, 0 left on base; Las Vegas 5 - Seattle 4
BOTTOM OF THE 8TH
Seattle Mariners batting - Pitching for Las Vegas Hustle : RHP Jose Jimenez
Batting: RHB Jonathan Becktell 0-0: Ball
1-0: SINGLE (Groundball, 34D, EV 95.0 MPH)
Batting: LHB Tim Larsen 0-0: Ball
1-0: Bunted foul
1-1: Ball
2-1: Swinging Strike
2-2: Ball
3-2: Foul Ball, location: 2F
3-2: Foul Ball, location: 25FF
3-2: Strikes out swinging
Pinch Hitting: LHB Omar Perez 0-0: Fly out, F8 (Flyball, 78M, EV 91.3 MPH)
Batting: LHB Jon Garza 0-0: Ball
1-0: Swinging Strike
1-1: Ball
2-1: Ball
3-1: Foul Ball, location: 9LSFF
3-2: Foul Ball, location: 7LSF
3-2: Strikes out swinging
Bottom of the 8th over - 0 runs, 1 hit, 0 errors, 1 left on base; Las Vegas 5 - Seattle 4
TOP OF THE 9TH
Las Vegas Hustle batting - Pitching for Seattle Mariners : RHP Tom Kingman
Pitching: RHP Tony Soto
Now at 3B: Tim Larsen
Now at SS: Joe Weber
Batting: RHB Clint Hurley 0-0: Called Strike
0-1: Ball
1-1: Fly out, F4 (Popup, 4, EV 70.0 MPH)
Batting: SHB Jose Espinoza 0-0: Ball
1-0: Swinging Strike
1-1: Ball
2-1: Ball
3-1: Base on Balls
Batting: RHB Karl Robbins 0-0: Ball
1-0: Swinging Strike
1-1: Ball
2-1: Ball
3-1: Foul Ball, location: 23FF
3-2: Base on Balls
Jose Espinoza to second
Batting: LHB Jason Strong 0-0: Reached via error on a dropped throw from 2B, E6 (Groundball, 34, EV 87.5 MPH)
Jose Espinoza to third
Karl Robbins to second
Batting: LHB Steve Lawler 0-0: Called Strike
0-1: Ball
1-1: Ball
2-1: Ball
3-1: Called Strike
3-2: Foul Ball, location: 2F
3-2: Fly out, F7 (Line Drive, 78M, EV 98.1 MPH)
Runner from 3rd tags up, SCORES, throw by LF
Pitching: RHP Danny Enriquez
Batting: RHB Rick Roberds 0-0: Foul Ball, location: 2F
0-1: Foul Ball, location: 25F
0-2: Ball
1-2: Strikes out looking
Top of the 9th over - 1 run, 0 hits, 1 error, 2 left on base; Las Vegas 6 - Seattle 4
BOTTOM OF THE 9TH
Seattle Mariners batting - Pitching for Las Vegas Hustle : RHP Jose Jimenez
Pitching: RHP Tim Berigan
Batting: RHB Anton Ortega 0-0: Ball
1-0: Swinging Strike
1-1: SOLO HOME RUN (Flyball, 78XD, EV 100.0 MPH), Distance : 394 ft
Batting: LHB Juan Aranda 0-0: Ball
1-0: Called Strike
1-1: Ball
2-1: Foul Ball, location: 25FF
2-2: Foul Ball, location: 9LDF
2-2: Foul Ball, location: 7LMFF
2-2: Ball
3-2: Base on Balls
Batting: RHB Bill Larimer 0-0: Called Strike
0-1: Called Strike
0-2: Ball
1-2: Strikes out swinging
Batting: SHB John Brownfield 0-0: Ball
1-0: Ball
2-0: Ball
3-0: SINGLE (Groundball, 3, EV 83.1 MPH) (infield hit)
Juan Aranda to second
Batting: LHB Keith Bundy 0-0: Ball
1-0: Swinging Strike
1-1: Ball
2-1: Ball
3-1: Base on Balls
Juan Aranda to third
John Brownfield to second
Pitching: LHP Adam Betts
Batting: RHB Jonathan Becktell 0-0: Ball
1-0: Called Strike
1-1: Foul Ball, location: 2F
1-2: Ball
2-2: Ball
3-2: Grounds into fielders choice 6-2 (Groundball, 6, EV 103.1 MPH)
John Brownfield to third
Keith Bundy to second
Pinch Hitting: RHB Brad Bargfrede 0-0: Ball
1-0: Swinging Strike
1-1: Called Strike
1-2: Ball
2-2: Foul Ball, location: 2F
2-2: Strikes out looking
Bottom of the 9th over - 1 run, 2 hits, 0 errors, 3 left on base; Las Vegas 6 - Seattle 5
Friday, May 3rd , 2024 - OOTP Baseball 24.11 Build 85